 Dungeon Crawl Stone Soup version 0.32-a0-859-gb0a091d592 (webtiles) character file.

Game seed: 9201188371125681565

553 Dirtsage the Insei (level 7, -2/52 HPs)
             Began as a Demonspawn Monk on Mar 27, 2024.
             Slain by Menkaure (13 damage)
             ... on level 5 of the Dungeon.
             The game lasted 00:09:05 (4208 turns).

Dirtsage the Insei (Demonspawn Monk)                Turns: 4208, Time: 00:09:05

Health: -2/52      AC:  6    Str: 13    XL:     7   Next: 8%
Magic:  0/7        EV: 12    Int: 10    God:
Gold:   157        SH:  0    Dex: 16    Spells: 6/6 levels left

rFire   + .          .
                       - Unarmed
rCold   + . .        c - orb {light}
rNeg    . . .        j - +1 ring mail
rPois   .            (no helmet)
rElec   .            o - scarf {rC+ rF+}
rCorr   .            (no gloves)
SInv    .            (no boots)
Will    .....        (no amulet)
Stlth   +            (no ring)
HPRegen 0.28/turn    (no ring)
MPRegen 0.20/turn

%: guardian spirit
@: glowing
A: repulsion field 1, magic shield, magic regeneration
a: no special abilities


You were on level 5 of the Dungeon.
You visited 1 branch of the dungeon, and saw 5 of its levels.
You also visited: Sewer.

You collected 157 gold pieces.

Inventory:

Armour
 a - a +0 robe
 c - an orb of light (worn)
 j - a +1 ring mail (worn)
 o - a scarf of resistance (worn)
Wands
 r - a wand of quicksilver (4)
 u - a wand of roots (1)
Scrolls
 d - a scroll of amnesia {unknown}
 p - a scroll of revelation
 t - a scroll of teleportation
 y - a scroll of fog
Potions
 e - a potion of attraction
 h - a potion of haste
 k - a potion of brilliance
 l - 3 potions of might {unknown}
 m - 3 potions of curing {unknown}
 n - 2 potions of resistance
 q - 4 potions of heal wounds {unknown}
 w - 2 potions of enlightenment {unknown}
 x - a potion of invisibility {unknown}


   Skills:
 - Level 3.0 Fighting
 - Level 2.6 Dodging
 + Level 7.4 Unarmed Combat


You had 6 spell levels left.
You didn't know any spells.
Your spell library contained the following spells:

 Spells                   Type           Power      Damage    Failure   Level
 Necrotise                Necr           0%         1d4       63%         1
 Slow                     Hex            0%         N/A       63%         1
 Confusing Touch          Hex            0%         N/A       94%         3
 Summon Ice Beast         Ice/Summ       0%         N/A       94%         3
 Vampiric Draining        Necr           0%         2d6       94%         3
 Martyr's Knell           Necr/Summ      0%         N/A       100%        4
 Curse of Agony           Necr           0%         N/A       100%        5
 Summon Mana Viper        Hex/Summ       0%         N/A       100%        5
 Monstrous Menagerie      Summ           0%         N/A       100%        7


Dungeon Overview and Level Annotations

Branches:
Dungeon (5/15)              Sewer (visited)
 Temple: D:4-7

Altars:
Makhleb
Ru
Vehumet
Xom

Shops:
D:4 (

Annotations:
D:3 3 runed translucent doors, FlatIsJustice's ghost, amateur FoFi
D:5 Menkaure


Innate Abilities, Weirdness & Mutations

You are surrounded by a mild repulsion field. (EV +2)
When hurt, damage is shared between your health and your magic reserves.
You regenerate magic rapidly.


Message History

You hit Menkaure.
Menkaure is lightly damaged.
Menkaure breathes soot at you. Menkaure completely misses you.
You hit Menkaure but do no damage.
Menkaure is lightly damaged.
Menkaure barely misses you.
You hit Menkaure.
Menkaure is lightly damaged.
Menkaure hits you.
You take 1 damage, and have 41/52 hp.
You now have 6/7 mp.
You hit Menkaure.
Menkaure is moderately damaged.
Menkaure misses you.
You hit Menkaure.
Menkaure is heavily damaged.
Menkaure closely misses you.
You hit Menkaure.
Menkaure is heavily damaged.
Menkaure misses you.
You hit Menkaure but do no damage.
Menkaure is heavily damaged.
Menkaure hits you but does no damage.
You punch Menkaure!
Menkaure is severely damaged.
You hear the brisk hiss of a distant avalanche of sand.
Menkaure hits you!!
You take 19 damage, and have 23/52 hp.
MASSIVE DAMAGE!!
You now have 4/7 mp.
You hit Menkaure but do no damage.
Menkaure is severely damaged.
Menkaure barely misses you.
You hit Menkaure.
Menkaure is almost destroyed.
Menkaure hits you!
* * * LOW HITPOINT WARNING * * *
You take 13 damage, and have 11/52 hp.
MASSIVE DAMAGE!!
You now have 2/7 mp.
You hit Menkaure but do no damage.
Menkaure is almost destroyed.
Menkaure hits you!
You die...

#######.# # #..))<#.######
#.####........ #.#
#[#.......#### #.#
###.#.##..#.#
#####.#####...#.....#.####
...#.#.......#...........
######.#.#.###.#.#.#####.####
.........#.M@............#...
.........#.###.....#######.##
.........รท..............>....
....?....##....#.#######'#.##
...........................##
######..^##.#####..........##
#...##.# #............
M...##.. #.........##. .....#
.# ########.###.


You could see Menkaure (fast).

Vanquished Creatures
  2 brain worms (Sewer)
  A scorpion (D:4)
  A bombardier beetle (D:5)
  A hound (D:5)
  An orc priest (D:5)
  Ijyb (D:3)
  5 gnolls
  7 adders
  6 river rats
  An ufetubus (D:5)
  3 dart slugs
  3 ribbon worms (D:3)
  3 orcs (D:5)
  4 bats
  4 endoplasms
  A giant cockroach (D:3)
  3 goblins
  3 hobgoblins
  4 jackals
  5 kobolds
  A quokka (D:4)
  6 ball pythons
  10 frilled lizards
  20 rats
96 creatures vanquished.

Notes
Turn   | Place    | Note
-------+----------+-------------------------------------------
     0 | D:1      | Dirtsage the Demonspawn Monk began the quest for the Orb.
     0 | D:1      | Reached XP level 1. HP: 18/18 MP: 1/1
     2 | D:1      | Noticed a naga
     2 | D:1      | Noticed a troll
     4 | D:1      | Noticed a draconian
     4 | D:1      | Noticed a minotaur
     6 | D:1      | Noticed a demonspawn
     6 | D:1      | Noticed a merfolk
     8 | D:1      | Noticed a human
    10 | D:1      | Noticed an armataur
    10 | D:1      | Noticed a demigod
    12 | D:1      | Noticed an elf
    14 | D:1      | Noticed a gargoyle
    16 | D:1      | Noticed a dwarf
    16 | D:1      | Noticed a ghoul
    18 | D:1      | Noticed a vampire
    18 | D:1      | Noticed a vine stalker
    20 | D:1      | Noticed a formicid
    20 | D:1      | Noticed a barachi
    22 | D:1      | Noticed an oni
    24 | D:1      | Noticed an octopode
    24 | D:1      | Noticed a tengu
    26 | D:1      | Noticed a felid
    26 | D:1      | Noticed a djinni
    28 | D:1      | Noticed a spriggan
   322 | D:1      | Reached skill level 3 in Unarmed Combat
   363 | D:1      | Gained mutation: You regenerate magic rapidly. [demonic
                  | ancestry]
   363 | D:1      | Reached XP level 2. HP: 22/22 MP: 2/2
   885 | D:1      | Gained mutation: When hurt, damage is shared between your
                  | health and your magic reserves. [demonic ancestry]
   885 | D:1      | Reached XP level 3. HP: 28/29 MP: 3/3
  1205 | D:2      | Reached skill level 4 in Unarmed Combat
  1421 | D:2      | Reached XP level 4. HP: 35/35 MP: 4/4
  1963 | D:3      | Noticed FlatIsJustice's ghost (amateur FoFi)
  1985 | D:3      | Found a radiant altar of Vehumet.
  2011 | D:3      | Noticed Ijyb
  2025 | D:3      | Killed Ijyb
  2232 | D:3      | Reached skill level 5 in Unarmed Combat
  2239 | D:3      | Gained mutation: You are surrounded by a mild repulsion
                  | field. (EV +2) [demonic ancestry]
  2239 | D:3      | Reached XP level 5. HP: 35/41 MP: 3/5
  2348 | D:3      | Found a glowing drain.
  2355 | Sewer    | Entered a sewer
  2683 | Sewer    | Reached skill level 6 in Unarmed Combat
  2692 | Sewer    | Reached XP level 6. HP: 40/47 MP: 6/6
  3000 | D:3      | Found a sacrificial altar of Ru.
  3006 | D:3      | Found a burning altar of Makhleb.
  3011 | D:3      | Found a shimmering altar of Xom.
  3094 | D:3      | Found a runed translucent gate.
  3094 | D:3      | Found a runed translucent gate.
  3094 | D:3      | Found a runed translucent gate.
  3615 | D:4      | Reached skill level 7 in Unarmed Combat
  3897 | D:4      | You fall into a shaft and drop 1 floor!
  3897 | D:5      | Entered Level 5 of the Dungeon
  4016 | D:4      | Found Faan's Antique Weapon Shop.
  4162 | D:5      | Reached XP level 7. HP: 41/52 MP: 5/7
  4186 | D:5      | Noticed Menkaure
  4208 | D:5      | Slain by Menkaure

Illustrated notes

Levels and vault maps discovered:
D:1:      kb_arrival_jail, layout_basic, minmay_rat_gold_closets
D:2:      layout_loops_ring, st_stairs_14, chequers_serial_rivers_micro_e
D:3:      layout_loops_ring, nicolae_vehumet_radiance,
          minmay_overflow_temple_star_quad, gammafunk_ghost_split,
          lightli_sewer_entry_pipes, uniq_ijyb
D:4:      layout_basic, serial_shops, shop, nicolae_take_the_stairs
D:5:      layout_basic, minitemple, minmay_temple_entry_water_ring,
          enter_ossuary_4, uniq_menkaure, uniq_duvessa, uniq_sigmund

Skill      XL: |  1  2  3  4  5  6 |
---------------+-------------------+-----
Unarmed Combat | 3 4 5 6 7 |  7.4
Fighting       | |  3.0
Dodging        | |  2.6

Action                     |  1- 3 |  4- 6 |  7- 9 || total
---------------------------+-------+-------+-------++-------
  Melee: Unarmed           |    96 |   268 |    17 ||   381
  Evoke: Wand              |       |     5 |       ||     5
    Use: Scroll            |       |    13 |       ||    13
         Potion            |       |       |     1 ||     1
 Armour: Robe              |    19 |       |       ||    19
         Ring mail         |    27 |   157 |     6 ||   190
  Dodge: Dodged            |    40 |   142 |     7 ||   189

Table legend: (Time is in decaauts)
 A = Elapsed time spent in this place.
 B = Non-inter-level travel time spent in this place.
 C = Inter-level travel time spent in this place.
 D = Time resting spent in this place.
 E = Time spent auto-exploring this place.
 F = Levels seen in this place.
 G = Mean time per level.
                   A        B        C        D        E       F      G
               +--------+--------+--------+--------+--------+-----+--------+
         Total |   4220 |   4022 |    198 |    335 |   2865 |   6 |  703.3 |
       Dungeon |   3605 |   3407 |    198 |    279 |   2497 |   5 |  721.0 |
         Sewer |    614 |    614 |      0 |     56 |    367 |   1 |  614.0 |
               +--------+--------+--------+--------+--------+-----+--------+

Top non-repeatable levels by time:
     D:1: 1160 daAuts
     D:3: 930 daAuts
     D:2: 711 daAuts
     D:4: 634 daAuts
   Sewer: 614 daAuts
     D:5: 168 daAuts
